 Dungeon Crawl Stone Soup version 0.29-a0-284-gf9362112df (webtiles) character file.

Game seed: 7686233438927906899

89 avis the Insei (level 4, -1/41 HPs)
             Began as a Hill Orc Monk on Mar 21, 2022.
             Frozen to death by an endoplasm (3 damage)
             ... on level 3 of the Dungeon.
             The game lasted 00:12:54 (2366 turns).

avis the Insei (Hill Orc Monk)                      Turns: 2366, Time: 00:12:55

Health: -1/41      AC:  2    Str: 13    XL:     4   Next: 55%
Magic:  4/4        EV: 12    Int: 12    God:
Gold:   231        SH:  0    Dex: 13    Spells: 3/3 levels left

rFire   . . .      SeeInvis .   a - +3 whip "Gire Wio" {venom, Will+}
rCold   . . .      Faith    .   (no shield)
rNeg    . . .      Spirit   .   s - +0 robe
rPois   .          Reflect  .   (no helmet)
rElec   .          Harm     .   (no cloak)
rCorr   .          Rampage  .   (no gloves)
Will    +....                   (no boots)
Stlth   ++........              (no amulet)
HPRegen 0.13/turn               (no ring)
MPRegen 0.09/turn               (no ring)

@: no status effects
A: no striking features
a: no special abilities


You were on level 3 of the Dungeon.
You visited 1 branch of the dungeon, and saw 4 of its levels.

You collected 231 gold pieces.

Inventory:

Hand Weapons
 a - the +3 whip "Gire Wio" (weapon) {venom, Will+}
   (You found it on level 3 of the Dungeon)

   It poisons the flesh of those it strikes.
   Will:      It increases your willpower.
 b - a +0 hand crossbow
 l - a +0 spear
Missiles
 e - 121 stones
 m - 2 poisoned darts
Armour
 k - a +0 plate armour
 n - a +0 leather armour
 s - a +0 robe (worn)
Jewellery
 p - a ring of protection from fire
Wands
 r - a wand of flame (27)
Scrolls
 f - a scroll of teleportation {unknown}
 g - 3 scrolls of identify {unknown}
 q - a scroll of vulnerability {unknown}
Potions
 c - a potion of ambrosia
 d - 3 potions of curing {unknown}
 h - 3 potions of flight {unknown}
 i - a potion of haste {unknown}
 j - a potion of mutation {unknown}
 o - a potion of magic {unknown}


   Skills:
 * Level 4.7 Fighting
 - Level 2.4 Dodging
 - Level 1.5 Stealth
 - Level 5.0 Unarmed Combat


You had 3 spell levels left.
You didn't know any spells.
Your spell library contained the following spells:

 Spells                   Type           Power      Damage    Failure   Level
 Corpse Rot               Necr/Air       0%         N/A       45%         2
 Ensorcelled Hibernation  Hex/Ice        0%         N/A       45%         2
 Passwall                 Tmut/Erth      0%         N/A       45%         2
 Swiftness                Air            0%         N/A       69%         3
 Dispel Undead            Necr           0%         3d6       97%         4
 Death Channel            Necr           0%         N/A       100%        6


Dungeon Overview and Level Annotations

Branches:
Dungeon (4/15)
 Temple: D:4-7

Altars:
Ashenzari
Gozag
Kikubaaqudgha
Makhleb
Nemelex Xobeh
Ru
Trog
Uskayaw
Xom

Shops:
D:3 *:[[

Annotations:
D:3 1 runed translucent door, exclusion: door


Message History

The +3 whip "Gire Wio" {venom, Will+} stops dripping with poison.
b - a +0 hand crossbow (weapon)
You see here a jackal corpse.
Partly explored, can't reach some places.
Partly explored, can't reach some places.
There is a stone staircase leading down here.
The +3 whip "Gire Wio" {venom, Will+} begins to drip with poison!
a - the +3 whip "Gire Wio" (weapon)
{venom, Will+} You climb downwards.
Found a scroll labelled XEPNUU XUUS.
Found a stone staircase leading down.
There is a stone staircase leading up here.
There are no items here.
You climb upwards.
Level annotation: 1 runed translucent door, exclusion: door
There is a stone staircase leading down here.
There is a fountain of clear blue water here.
There is a fountain of clear blue water here.
There is a stone staircase leading down here.
You climb downwards.
There is a stone staircase leading up here.
The helpless gnoll fails to defend itself.
You hit the gnoll but do no damage.
The gnoll is poisoned.
The gnoll shouts!
The endoplasm quivers.
The hobgoblin shouts!
The gnoll barely misses you. The gnoll hits you with a +0 flail.
The gnoll hits you from afar with a +0 spear!
You hear a shout!
The gnoll closely misses you. The endoplasm freezes you.
You are frozen.
The gnoll misses you.
The gnoll hits you from afar with a +0 spear!
You climb upwards.
Level annotation: 1 runed translucent door, exclusion: door
There is a stone staircase leading down here.
The gnoll attacks as you move away! The gnoll hits you with a +0 flail!
* * * LOW HITPOINT WARNING * * *
The endoplasm freezes you.
You are frozen.
You die...

####### #.# #.##.####.### #_.#._#
###.######.##........#
#.....###.............####....
##.PP...#.#.#............#.#.#
###.....#...#.#.###..#####.#.#.#
#.#_.#._###.#.#.###..#####.#.#..
##.####### #.#.#.##............⌠.
...# #.# #.#.#.##.......<)....∩
.#.###.# #.#.#@##≈.≈#####.#.#⌠.
.#.....#####.#.gJ.≈≈.≈≈.....#.#..
.###.........#####≈≈∩≈≈######.###
.# ##.............≈≈≈≈≈# #.###
.## ##############.≈≈≈.## #....
..######## #.......# #####
.........# #.†.....# #.########
##......# #># #..<..##


You could see a gnoll and an endoplasm.

Vanquished Creatures
  An iguana (D:3)
  An adder (D:3)
  2 worms (D:2)
  3 endoplasms (D:1)
  2 giant cockroaches
  5 goblins
  2 hobgoblins
  7 jackals
  7 ball pythons
  6 bats
  2 frilled lizards (D:3)
  4 kobolds
  5 rats
47 creatures vanquished.

Notes
Turn   | Place    | Note
-------+----------+-------------------------------------------
     0 | D:1      | avis the Hill Orc Monk began the quest for the Orb.
     0 | D:1      | Reached XP level 1. HP: 19/19 MP: 1/1
   153 | D:1      | Reached XP level 2. HP: 27/27 MP: 2/2
   444 | D:1      | Reached skill level 4 in Unarmed Combat
   819 | D:2      | Found an ancient bone altar of Kikubaaqudgha.
   858 | D:2      | Reached XP level 3. HP: 33/33 MP: 3/3
  1200 | D:3      | Found Qeotoll's Armour Shoppe.
  1359 | D:3      | Reached skill level 5 in Unarmed Combat
  1359 | D:3      | Reached XP level 4. HP: 15/40 MP: 4/4
  1831 | D:3      | Found Hapuitacs's Book Emporium.
  1856 | D:3      | Found Jisol's Assorted Antiques.
  1911 | D:3      | Found a glowing golden altar of the Shining One.
  1917 | D:3      | Found a hide-covered altar of Uskayaw.
  1917 | D:3      | Found a sacrificial altar of Ru.
  1919 | D:3      | Found a shimmering altar of Xom.
  1919 | D:3      | Found a sacrificial altar of Ru.
  1919 | D:3      | Found a broken altar of Ashenzari.
  1985 | D:3      | Found an opulent altar of Gozag.
  1986 | D:3      | Found a burning altar of Makhleb.
  1988 | D:3      | Found a sparkling altar of Nemelex Xobeh.
  1988 | D:3      | Found a bloodstained altar of Trog.
  2019 | D:3      | Found a runed translucent door.
  2079 | D:3      | Identified the +3 whip "Gire Wio" {venom, Will+}
  2156 | D:3      | Found Ishrirghom's Antique Armour Emporium.
  2366 | D:3      | HP: 2/41 [gnoll/+0 flail (13)]
  2366 | D:3      | Frozen to death by an endoplasm

Illustrated notes

Levels and vault maps discovered:
D:1:      ncdulo_watergridlock, layout_rooms, serial_co_window_serial,
          co_window_corner_a, co_window_of_opportunity_a,
          co_window_of_opportunity_a, co_window_paths_b, co_window_paths_b,
          co_window_paths_c, co_window_2corner, co_window_paths_c,
          co_window_cross_3, co_window_broadway_b, co_window_corner_cb,
          glass_columns_b, glass_columns_a, glass_columns_c, glass_columns_b,
          minmay_hexomino_p4
D:2:      layout_rooms, basic_altar
D:3:      layout_loops_ring, doesnt_xom_only_xom, mainiacjoe_overflow_alcove_3,
          serial_shops, nicolae_shop_waterfront, nicolae_shop_stone, shop_coins,
          shop_fountains, minmay_misc_feat_pillars, kennysheep_generic_room_11,
          uniq_crazy_yiuf_cottage
D:4:      layout_loops_ring, uniq_ijyb

Skill      XL: |  1  2  3 |
---------------+----------+-----
Fighting       | 4 |  4.7
Unarmed Combat | 4 5 |  5.0
Dodging        | |  2.4
Stealth        | |  1.5

Action                   |  1- 3 |  4- 6 || total
-------------------------+-------+-------++-------
Melee: Unarmed           |    27 |    19 ||    46
       Punch             |     1 |       ||     1
       Whip              |       |     8 ||     8
 Fire: Hand crossbow     |    79 |    17 ||    96
 Stab: Sleeping          |       |     1 ||     1
Armor: Robe              |    19 |     2 ||    21
Dodge: Dodged            |    29 |    22 ||    51

Table legend: (Time is in decaauts)
 A = Elapsed time spent in this place.
 B = Non-inter-level travel time spent in this place.
 C = Inter-level travel time spent in this place.
 D = Time resting spent in this place.
 E = Time spent auto-exploring this place.
 F = Levels seen in this place.
 G = Mean time per level.
                   A        B        C        D        E       F      G
               +--------+--------+--------+--------+--------+-----+--------+
         Total |   2397 |   2259 |    138 |    449 |   1333 |   4 |  599.2 |
       Dungeon |   2397 |   2259 |    138 |    449 |   1333 |   4 |  599.2 |
               +--------+--------+--------+--------+--------+-----+--------+

Top non-repeatable levels by time:
     D:3: 1167 daAuts
     D:1: 789 daAuts
     D:2: 435 daAuts
     D:4: 5 daAuts
